 Dungeon Crawl Stone Soup version 0.22.1-1-ga44c0e56f4 (webtiles) character file.

865109 Morbidden the Acrobat (level 27, -8/229 HPs)
             Began as a Gnoll Fighter on Oct 28, 2018.
             Was the Champion of Cheibriados.
             Killed from afar by a hellion (20 damage)
             ... with damnation
             ... in Pandemonium on Oct 29, 2018.
             The game lasted 06:23:12 (82388 turns).

Morbidden the Acrobat (Gnoll Fighter)              Turns: 82388, Time: 06:23:13

Health: -8/229     AC: 53    Str: 48    XL:     27
Magic:  45/56      EV: 36    Int: 31    God:    Cheibriados [******]
Gold:   2877       SH: 33    Dex: 36    Spells: 8/67 levels left

rFire    + + .     SeeInvis .   r - +12 broad axe of the Vanishing Princes {flame, MR++}
rCold    + + +     Gourm    .   X - +0 large shield
rNeg     + + +     Faith    .   p - +14 crystal plate armour
rPois    ∞         Spirit   .   w - -2 hat of the Alchemist {rElec rPois rF+ rC+ rN+ MR+ rMut rCorr}
rElec    +         Reflect  .   j - scarf {rC+ rF+}
rCorr    +         Harm     .   e - +3 pair of gloves of Foolhardiness {rC+}
rMut     +         Rnd*Tele +   N - +1 pair of boots {Fly}
MR       +++++                  W - amulet "Fyez" {RegenMP rN+ Str+4 Stlth+}
Stlth    ++........             l - ring of Yschaag {Wiz +Blink rN+ MP+9 Dex+4}
HPRegen  0.48/turn              M - ring "Nygrylu" {+Fly MR+ Str+3 Int+2 Stlth+}
MPRegen  0.60/turn

@: liquid flames, lich-form, flying, very slightly contaminated, glowing,
studying Short Blades, very slow
A: distributed training, claws 1, fangs 1, sense surroundings 1, teleportitis 1,
MP-powered wands, strong nose
}: 5/15 runes: decaying, serpentine, slimy, silver, abyssal
a: End Transformation, Bend Time, Temporal Distortion, Slouch, Step From Time,
Renounce Religion, Evoke Blink, Stop Flying


You were in Pandemonium.
You worshipped Cheibriados.
Cheibriados was exalted by your worship.
You were not hungry.
You were a lich.
You visited 14 branches of the dungeon, and saw 66 of its levels.
You visited Pandemonium 1 time, and saw 2 of its levels.
You visited the Abyss 1 time.
You visited 1 bazaar.
You also visited: Ossuary, Bailey, Ice Cave and Desolation.

You collected 9632 gold pieces.
You spent 6755 gold pieces at shops.

Inventory:

Hand Weapons
 a - a +9 demon blade of electrocution
 r - the +12 broad axe of the Vanishing Princes (weapon) {flame, MR++}
   (Okawaru gifted it to you in the Desolation of Salt)

   It has been specially enchanted to burn those struck by it, causing extra
   injury to most foes and up to half again as much damage against particularly
   susceptible opponents.
   Big, fiery blades are also staple armaments of hydra-hunters.
   It affects your resistance to hostile enchantments.
Missiles
 d - 19 javelins of returning
 q - 8 javelins of penetration (quivered)
 P - 48 steel javelins
Armour
 e - the +3 pair of gloves of Foolhardiness (worn) {rC+}
   (You acquired it on level 3 of the Lair of Beasts)

   It protects you from cold.
 j - a scarf of resistance (worn)
 o - +0 storm dragon scales
 p - a +14 crystal plate armour (worn)
 w - the -2 hat of the Alchemist (worn) {rElec rPois rF+ rC+ rN+ MR+ rMut rCorr}
   (You found it on level 5 of the Vaults)

   It protects you from fire.
   It protects you from cold.
   It insulates you from electricity.
   It protects you from poison.
   It protects you from negative energy.
   It affects your resistance to hostile enchantments.
   It provides partial protection from all sources of acid and corrosion.
   It protects you from mutation.
 B - the +2 hat of the Bear Spirit {Spirit, +Rage rN+ MR++}
   (You found it on level 6 of the Lair of Beasts)

   It protects you from negative energy.
   It affects your resistance to hostile enchantments.
   It lets you go berserk.
 N - a +1 pair of boots of flying (worn)
 X - a +0 large shield (worn)
Jewellery
 l - the ring of Yschaag (left hand) {Wiz +Blink rN+ MP+9 Dex+4}
   (You found it on level 4 of the Swamp)

   [ring of wizardry]

   It improves your spell success rate.
   It affects your dexterity (+4).
   It protects you from negative energy.
   It affects your magic capacity (+9).
   It lets you blink.
 I - an uncursed ring of protection from magic
 J - an uncursed ring of protection from fire
 M - the ring "Nygrylu" (right hand) {+Fly MR+ Str+3 Int+2 Stlth+}
   (You found it on level 7 of the Iron City of Dis)

   [ring of flight]

   It affects your strength (+3).
   It affects your intelligence (+2).
   It affects your resistance to hostile enchantments.
   It lets you fly.
   It makes you more stealthy.
 W - the amulet "Fyez" (around neck) {RegenMP rN+ Str+4 Stlth+}
   (You bought it in a shop on level 2 of the Snake Pit)

   [amulet of magic regeneration]

   It increases your magic regeneration.
   It affects your strength (+4).
   It protects you from negative energy.
   It makes you more stealthy.
 Y - the ring "Fodarch" {rC+ MR++ Int+4 Dex+2}
   (You found it in an ice cave)

   [ring of protection from cold]

   It affects your intelligence (+4).
   It affects your dexterity (+2).
   It protects you from cold.
   It affects your resistance to hostile enchantments.
Wands
 b - a wand of disintegration (57)
 c - a wand of enslavement (13)
 m - a wand of iceblast (29)
 z - a wand of digging (66)
 D - a wand of clouds (2)
 R - a wand of acid (72)
 Z - a wand of paralysis (66)
Scrolls
 i - 10 scrolls of magic mapping
 t - 36 scrolls of remove curse
 v - 17 scrolls of teleportation
 C - 5 scrolls of enchant armour
 H - 9 scrolls of identify
 S - a scroll of amnesia
Potions
 h - 2 potions of magic
 n - 11 potions of curing
 s - 8 potions of cancellation
 x - 3 potions of heal wounds
 E - a potion of brilliance
 G - 5 potions of resistance
 O - 4 potions of might
 T - 6 potions of agility
Books
 k - a manual of Short Blades
Miscellaneous
 g - 2 sacks of spiders
 u - 5 boxes of beasts
 y - a lightning rod (4/4)
 A - a fan of gales (inert)
 K - 9 phantom mirrors
 L - a lamp of fire
 Q - the horn of Geryon
 V - a phial of floods
Comestibles
 f - 52 rations


   Skills:
 + Level 21.5 Fighting
 + Level 25.0 Short Blades
 + Level 20.9 Long Blades
 + Level 21.2 Axes
 + Level 24.7 Maces & Flails
 + Level 20.9 Polearms
 + Level 20.9 Staves
 + Level 20.9 Slings
 + Level 20.9 Bows
 + Level 20.9 Crossbows
 + Level 20.9 Throwing
 + Level 21.5 Armour
 + Level 25.8 Dodging
 + Level 20.9 Stealth
 + Level 25.7 Shields
 + Level 20.9 Unarmed Combat
 + Level 20.9 Spellcasting
 + Level 18.1 Conjurations
 + Level 18.1 Hexes
 + Level 18.1 Charms
 + Level 18.1 Summonings
 + Level 18.1 Necromancy
 + Level 18.1 Translocations
 + Level 18.1 Transmutations
 + Level 18.1 Fire Magic
 + Level 18.1 Ice Magic
 + Level 18.1 Air Magic
 + Level 18.1 Earth Magic
 + Level 18.1 Poison Magic
 + Level 22.4 Invocations
 + Level 20.9 Evocations


You had 8 spell levels left.
You knew the following spells:

 Your Spells              Type           Power        Failure   Level  Hunger
a - Orb of Destruction    Conj           #######...   1%          7    N/A
b - Spectral Weapon       Hex/Chrm       #######.     0%          3    N/A
c - Summon Forest         Summ/Tloc      #######...   1%          5    N/A
d - Borgnjor's Vile Clut  Necr/Erth      ########..   1%          5    N/A
e - Death Channel         Necr           ########..   1%          6    N/A
f - Spellforged Servitor  Conj/Summ      #######...   1%          7    N/A
g - Summon Hydra          Summ           #######...   1%          7    N/A
h - Simulacrum            Ice/Necr       ########..   1%          6    N/A
i - Necromutation         Tmut/Necr      ########..   7%          8    N/A
z - Song of Slaying       Chrm           #######.     0%          2    N/A
Z - Regeneration          Chrm/Necr      ########..   0%          3    N/A

Your spell library contained the following spells:

 Spells                   Type           Power        Failure   Level  Hunger
 Animate Skeleton         Necr           N/A          0%          1    N/A
 Apportation              Tloc           ######       0%          1    N/A
 Confusing Touch          Hex            ######       0%          1    N/A
 Freeze                   Ice            ####         0%          1    N/A
 Infusion                 Chrm           ####         0%          1    N/A
 Magic Dart               Conj           ####         0%          1    N/A
 Pain                     Necr           ####         0%          1    N/A
 Shock                    Conj/Air       ####         0%          1    N/A
 Sting                    Conj/Pois      ####         0%          1    N/A
 Summon Butterflies       Summ           #######.     0%          1    N/A
 Summon Small Mammal      Summ           ####         0%          1    N/A
 Blink                    Tloc           N/A          0%          2    N/A
 Call Imp                 Summ           #######.     0%          2    N/A
 Corpse Rot               Necr           N/A          0%          2    N/A
 Ensorcelled Hibernation  Hex/Ice        ######       0%          2    N/A
 Passwall                 Tmut/Erth      #######.     0%          2    N/A
 Poisonous Vapours        Pois/Air       ######       0%          2    N/A
 Searing Ray              Conj           ######       0%          2    N/A
 Shroud of Golubria       Chrm/Tloc      #######...   0%          2    N/A
 Slow                     Hex            #######.     0%          2    N/A
 Sublimation of Blood     Necr           ########..   0%          2    N/A
 Swiftness                Chrm/Air       #######.     0%          2    N/A
 Throw Flame              Conj/Fire      ######       0%          2    N/A
 Throw Frost              Conj/Ice       ######       0%          2    N/A
 Call Canine Familiar     Summ           #######.     0%          3    N/A
 Confuse                  Hex            #######.     0%          3    N/A
 Conjure Flame            Conj/Fire      #######.     0%          3    N/A
 Dazzling Spray           Conj/Hex       ######       0%          3    N/A
 Gell's Gravitas          Tloc           #######...   0%          3    N/A
 Ignite Poison            Fire/Tmut/Pois #######.     0%          3    N/A
 Lesser Beckoning         Tloc           #######...   0%          3    N/A
 Mephitic Cloud           Conj/Pois/Air  #######.     0%          3    N/A
 Ozocubu's Armour         Chrm/Ice       #######.     0%          3    N/A
 Portal Projectile        Hex/Tloc       ######       0%          3    N/A
 Recall                   Summ/Tloc      N/A          0%          3    N/A
 Static Discharge         Conj/Air       #######.     0%          3    N/A
 Stone Arrow              Conj/Erth      ######       0%          3    N/A
 Summon Guardian Golem    Hex/Summ       #######.     0%          3    N/A
 Teleport Other           Tloc           #######.     0%          3    N/A
 Tukima's Dance           Hex            #######.     0%          3    N/A
 Airstrike                Air            #######...   1%          4    N/A
 Animate Dead             Necr           N/A          1%          4    N/A
 Force Lance              Conj/Tloc      #######.     1%          4    N/A
 Fulminant Prism          Conj/Hex       #######...   1%          4    N/A
 Ice Form                 Ice/Tmut       #######.     1%          4    N/A
 Iskenderun's Mystic Bla  Conj           #######.     1%          4    N/A
 Leda's Liquefaction      Hex/Erth       #######...   1%          4    N/A
 Olgreb's Toxic Radiance  Pois           #######.     1%          4    N/A
 Passage of Golubria      Tloc           N/A          1%          4    N/A
 Petrify                  Tmut/Erth      #######.     1%          4    N/A
 Sticky Flame             Conj/Fire      #######.     1%          4    N/A
 Summon Ice Beast         Ice/Summ       #######.     1%          4    N/A
 Summon Lightning Spire   Summ/Air       #######.     1%          4    N/A
 Throw Icicle             Conj/Ice       #######.     1%          4    N/A
 Agony                    Necr           ########     1%          5    N/A
 Alistair's Intoxication  Tmut/Pois      #######.     1%          5    N/A
 Blade Hands              Tmut           #######...   1%          5    N/A
 Bolt of Draining         Conj/Necr      ########..   1%          5    N/A
 Bolt of Magma            Conj/Fire/Erth #######...   1%          5    N/A
 Dispel Undead            Necr           ########     1%          5    N/A
 Excruciating Wounds      Chrm/Necr      ########..   1%          5    N/A
 Fireball                 Conj/Fire      #######...   1%          5    N/A
 Irradiate                Conj/Tmut      #######...   1%          5    N/A
 Iskenderun's Battlesphe  Conj/Chrm      #######.     1%          5    N/A
 Lee's Rapid Deconstruct  Erth           #######...   1%          5    N/A
 Lightning Bolt           Conj/Air       #######...   1%          5    N/A
 Metabolic Englaciation   Hex/Ice        #######...   1%          5    N/A
 Venom Bolt               Conj/Pois      #######...   1%          5    N/A
 Yara's Violent Unravell  Hex/Tmut       #######...   1%          5    N/A
 Bolt of Cold             Conj/Ice       #######...   1%          6    N/A
 Bolt of Fire             Conj/Fire      #######...   1%          6    N/A
 Darkness                 Hex            #######...   1%          6    N/A
 Dispersal                Tloc           #######...   1%          6    N/A
 Freezing Cloud           Conj/Ice/Air   #######...   1%          6    N/A
 Hydra Form               Tmut           #######...   1%          6    N/A
 Invisibility             Hex            #######.     1%          6    N/A
 Iron Shot                Conj/Erth      #######...   1%          6    N/A
 Ozocubu's Refrigeration  Ice            #######...   1%          6    N/A
 Haunt                    Necr/Summ      ########..   1%          7    N/A
 Malign Gateway           Summ/Tloc      #######...   1%          7    N/A
 Ring of Flames           Chrm/Fire      #######...   1%          7    N/A
 Borgnjor's Revivificati  Necr           ########..   7%          8    N/A
 Controlled Blink         Tloc           N/A          7%          8    N/A
 Death's Door             Chrm/Necr      ########..   7%          8    N/A
 Disjunction              Tloc           #######...   7%          8    N/A
 Ignition                 Fire           #######...   7%          8    N/A
 Infestation              Necr           ########..   7%          8    N/A
 Shatter                  Erth           #######...   67%         9    N/A
 Tornado                  Air            #######...   67%         9    N/A

Dungeon Overview and Level Annotations

Branches:
Dungeon (15/15)            Temple (1/1) D:5            Lair (6/6) D:8
  Swamp (4/4) Lair:3        Snake (4/4) Lair:3        Slime (5/5) Lair:6
    Orc (2/2) D:12            Elf (3/3) Orc:2        Vaults (5/5) D:14
  Crypt (3/3) Vaults:3       Tomb (0/3) Crypt:3      Depths (5/5) D:15
   Hell (1/1)                 Dis (7/7) Hell            Geh (0/7) Hell
    Coc (0/7) Hell            Tar (0/7) Hell            Zot (5/5) Depths:5

Altars:
Ashenzari
Cheibriados
Dithmenos
Elyvilon
Fedhas
Gozag
Hepliaklqana
Kikubaaqudgha
Makhleb
Nemelex Xobeh
Okawaru
Qazlal
Ru
Sif Muna
Trog
Uskayaw
Vehumet
Xom
Yredelemnul
Zin
The Shining One
Jiyva

Shops:
D:10 [   D:14 !   Orc:2 !:(*[   Elf:3 :   Snake:2 =}=   Vaults:3 [??=[
Depths:1 *(?%*   Depths:2 [}?   Depths:3 [

Portals:
Hell: Depths:1 Depths:2 Depths:3 Depths:4 Depths:5
Abyss: Depths:1 Depths:4 Depths:5
Pandemonium: Depths:3
Ziggurat: Depths:4

Annotations:
Swamp:2 exclusion: Roxanne, Roxanne
Crypt:1 exclusion: door
Dis:7 Serpent of Hell


Innate Abilities, Weirdness & Mutations

Your experience applies equally to all skills.
You have very sharp teeth.
Your uncanny sense of smell can sniff out nearby items.
You have sharp fingernails.
You passively map a small area around you.
You are occasionally teleported next to monsters.
You expend magic power (3 MP) to strengthen your wands.


Message History

Unknown command.
Blink to where?
Press: ? - help, Dir - move target cursor
As you read the scroll of blinking, it crumbles to dust.
You are covered in liquid flames!
* * * LOW HITPOINT WARNING * * *
Unknown command.
Evoke which item? (* to show all) (? for menu, Esc to quit)
Okay, then.
You can't drink.
Unknown command.
Evoke which item? (* to show all) (? for menu, Esc to quit)
Okay, then.
As you read the scroll of summoning, it crumbles to dust.
Wisps of shadow whirl around you...
You are covered in liquid flames!
* * * LOW HITPOINT WARNING * * *
The hellion gestures at you.
The sphere of damnation explodes!
The damnation engulfs you!
You die...

##########
#6........,* *
###########
##2.6......
##.........###..L#
*
#...[.......##.1.#
..............X.##
..........R3.&..# ,
.......§........# ,
, #...####.....3..#
** ,
##.######.[#...## *
* ###....###.223# ,
#......##...##.....
,


You could see Xoapninwe, a rakshasa, a smoke demon, 2 hellions, 2 ynoxinuls, a
friendly torturous warmonger, a friendly reaper (wandering), a friendly
Executioner, a friendly torturous demonspawn and a friendly large abomination.

Vanquished Creatures
  the Royal Jelly (Slime:5)
  Mennas (Depths:4)
  Mara (Vaults:3)
  4 ancient liches
  7 orbs of fire
  4 juggernauts
  Margery (Vaults:4)
  Frederick (Crypt:2)
  A Killer Klown (Zot:5)
  Saint Roka (Depths:2)
  4 curse toes
  3 caustic shrikes (Depths:3)
  A caustic shrike (shapeshifter) (Depths:3)
  13 golden dragons
  Geryon (Hell)
  Nikola (Elf:2)
  4 bone dragons
  A profane servitor (Pan)
  7 Tzitzimimeh
  5 Brimstone Fiends
  9 electric golems
  8 Hell Sentinels
  A pandemonium lord (Pan)
  3 hellephants (Hell)
  6 iron giants
  15 tentacled monstrosities
  8 liches
  2 Ice Fiends
  18 Orb Guardians (Zot:5)
  9 quicksilver dragons
  24 titans
  4 deep elf master archers
  7 deep elf blademasters
  14 tentacled starspawn
  Agnes (D:14)
  21 acid blobs
  18 ancient champions
  8 sphinxes
  Gastronok (Orc:1)
  10 tengu reavers
  A thorn hunter (Swamp:1)
  17 shadow dragons
  4 death cobs
  2 Executioners
  27 storm dragons
  12 nagarajas
  4 revenants
  A daeva (Depths:4)
  6 draconian monks
  11 azure jellies
  16 fire giants
  21 vault wardens
  4 draconian knights (Zot:1)
  A warmonger (Pan)
  4 iron dragons (Dis:7)
  An orc warlord (Orc:1)
  2 balrugs (Pan)
  7 cacodemons
  7 deep elf sorcerers
  5 deep elf elementalists
  19 frost giants
  Louise (D:14)
  5 draconian scorchers
  2 juggernaut zombies (Hell)
  8 ironheart preservers
  4 ghouls
  3 angels (Depths:4)
  A curse skull (Crypt:2)
  6 draconian annihilators
  4 draconian shifters
  3 spriggan defenders (Depths:5)
  2 ghost moths
  19 very ugly things
  37 reapers
  2 draconian stormcallers
  33 stone giants
  2 blood saints (Pan)
  5 entropy weavers
  5 deep elf demonologists
  8 vampire knights
  3 black suns (Pan)
  5 war gargoyles
  2 halazid warlocks (Desolation)
  A corrupter (Pan)
  12 black draconians
  5 white draconians
  15 green draconians
  Azrael (Snake:1)
  8 purple draconians
  4 lorocyprocas
  13 yellow draconians
  9 spark wasps
  10 red draconians
  9 deep elf annihilators
  A minotaur (Lair:4)
  9 eidola (Crypt:3)
  2 crystal guardians (Desolation)
  Snorg (D:10)
  21 ettins
  5 merfolk javelineers
  2 green deaths
  5 quicksilver dragon zombies
  8 fire dragons
  6 blizzard demons
  A merfolk impaler (Depths:5)
  3 deep elf death magi
  9 death oozes
  11 great orbs of eyes
  A spectral quicksilver dragon (Crypt:3)
  4 jiangshi (Crypt:2)
  14 yaktaur captains
  9 ragged hierophants (Desolation)
  Josephine (D:10)
  Harold (D:7)
  4 monstrous demonspawn
  Erolcha (D:11)
  Fannar (D:11)
  17 ogre magi
  9 deep elf high priests
  7 rakshasas
  6 peacekeepers (Desolation)
  6 servants of whispers (Desolation)
  10 naga warriors
  39 vault guards
  14 ice dragons
  15 hydras
  A spectral shadow dragon (Crypt:3)
  A hell beast (Dis:3)
  3 ghost crabs
  7 spriggan air magi
  2 spectral frost giants (Crypt:3)
  A spectral fire giant (Crypt:3)
  8 centaur warriors
  A catoblepas (Abyss:2)
  A merfolk avatar (Lair:6)
  31 dancing weapons
  A queen ant (D:13)
  13 alligators
  9 death yaks
  7 death knights
  5 deep troll shamans
  29 two-headed ogres
  6 vampire magi
  6 anacondas
  The ghost of Revguard the Cleaver, a novice DsBe of Trog (Orc:1)
  An orc high priest (Orc:1)
  15 naga sharpshooters
  A shock serpent (shapeshifter) (Elf:3)
  11 hell hogs
  6 titan zombies
  11 deep troll earth magi
  7 spriggan berserkers
  12 sun demons
  3 iron golems
  26 deep elf knights
  12 soul eaters
  15 thrashing horrors
  6 wretched stars
  4 spectral storm dragons (Crypt:3)
  6 shock serpents
  A storm dragon zombie (Dis:7)
  48 skeletal warriors
  2 fire crabs (Abyss:2)
  3 anaconda zombies
  4 ghost moth zombies
  21 hell knights
  6 shadow wraiths
  A spectral emperor scorpion (Crypt:3)
  12 small abominations
  3 golden dragon zombies
  4 salamander mystics
  9 sixfirhies
  11 iron trolls
  A spark wasp zombie (Hell)
  22 deep trolls
  13 swamp dragons
  The ghost of iVAG the Destroyer, a novice DrCj of Vehumet (D:11)
  12 flayed ghosts
  2 infernal demonspawn (Pan)
  2 shadow demons
  A spriggan druid (Swamp:4)
  3 gelid demonspawn (Pan)
  4 glowing orange brains
  A torturous demonspawn (Pan)
  5 unseen horrors
  18 phantasmal warriors
  2 spectral hydras (Crypt:3)
  23 deep elf archers
  Pikel (D:6)
  2 shadow dragon zombies
  An anaconda skeleton (Crypt:1)
  3 shambling mangroves
  3 wolf spider zombies
  7 naga ritualists
  A golden dragon skeleton (Dis:4)
  4 wizards
  6 orc sorcerers
  An orb spider (Abyss:5)
  25 ironbrand convokers
  21 orc knights
  11 necromancers
  An iron dragon zombie (Dis:3)
  A harpy (shapeshifter) (Elf:1)
  A lindwurm (shapeshifter) (Vaults:1)
  2 tengu skeletons
  57 deep elf magi
  15 harpies
  9 shining eyes
  A spectral ettin (Crypt:3)
  40 ugly things
  16 salamanders
  7 wolf spiders
  2 spectral fire dragons (Crypt:3)
  14 mana vipers
  6 frost giant zombies
  A fire giant skeleton (Abyss:1)
  2 manticores (shapeshifter)
  3 worldbinders (Abyss:5)
  25 moths of wrath
  5 fire giant zombies
  14 cyclopes
  4 stone giant zombies
  A stone giant skeleton (Hell)
  3 dire elephant zombies
  10 elephants
  A shock serpent zombie (Dis:5)
  8 guardian serpents
  2 manticores (Lair:6)
  2 black mambas (shapeshifter) (Vaults:4)
  3 eyes of devastation
  Maurice (D:11)
  2 apocalypse crabs
  23 naga magi
  41 black mambas
  13 spiny frogs
  2 elf zombies
  A centaur skeleton (D:15)
  2 ice statues
  13 smoke demons
  17 vault sentinels
  A water nymph (shapeshifter) (Vaults:5)
  A gargoyle (D:10)
  37 rust devils
  16 hellions
  A storm dragon simulacrum (Abyss:5)
  A torpor snail (Lair:3)
  23 tormentors
  A rime drake (shapeshifter) (Vaults:5)
  A grey draconian zombie (Crypt:3)
  3 orange demons
  A torpor snail (shapeshifter) (Vaults:5)
  A pale draconian zombie (Crypt:2)
  A catoblepas zombie (Hell)
  30 freezing wraiths
  52 yaktaurs
  An anaconda simulacrum (Hell)
  6 rime drakes
  A green draconian zombie (Crypt:1)
  9 komodo dragons
  A komodo dragon (shapeshifter) (Elf:1)
  A yaktaur zombie (Hell)
  6 hellwings
  14 ice devils
  2 efreet (Dis:7)
  A grey draconian skeleton (Crypt:2)
  A golden dragon simulacrum (Crypt:3)
  5 kobold demonologists
  9 red devils
  A yaktaur skeleton (Vaults:3)
  6 ancient zymes
  A wolf spider simulacrum (Crypt:3)
  8 trolls
  2 polar bears (shapeshifter)
  18 polar bears
  A tengu conjurer (Depths:3)
  2 jumping spiders (Vaults:3)
  8 wind drakes (Depths:1)
  A sphinx simulacrum (Vaults:2)
  5 hydra zombies
  22 hornets
  2 wind drakes (shapeshifter)
  Grinder (D:3)
  2 fire dragon zombies
  11 tyrant leeches
  61 saltlings (Desolation)
  28 blink frogs
  18 raiju
  76 slime creatures
  9 bog bodies
  15 dream sheep
  A tarantella zombie (Crypt:1)
  A deep troll zombie (Hell)
  2 meliai zombies
  A hydra skeleton (Hell)
  4 hippogriffs
  A hippogriff (shapeshifter) (Vaults:1)
  A spectral swamp dragon (Crypt:3)
  4 ettin zombies
  2 redbacks (Vaults:3)
  23 large abominations
  2 ice dragon zombies
  A dire elephant simulacrum (Crypt:3)
  26 wraiths
  A black mamba zombie (Dis:7)
  A fire dragon skeleton (Dis:6)
  9 spriggans
  14 air elementals
  16 flying skulls
  3 vampires
  A wind drake zombie (Crypt:1)
  8 water elementals
  A wyvern (shapeshifter) (Depths:2)
  A redback (shapeshifter) (Depths:5)
  3 wyverns (Lair:6)
  3 ynoxinuls
  13 shadows
  An ice dragon skeleton (Crypt:1)
  14 fire elementals
  2 basilisks
  A human (shapeshifter) (Vaults:2)
  4 golden eyes
  3 hungry ghosts
  Grum (D:8)
  35 yaks
  A yak (shapeshifter) (Abyss:5)
  6 chaos spawn
  A spectral spiny frog (Crypt:3)
  11 neqoxecs
  A faun zombie (Crypt:2)
  A glowing shapeshifter zombie (Crypt:2)
  20 vampire mosquitoes
  A two-headed ogre zombie (Crypt:3)
  29 nagas
  22 soldier ants
  Duvessa (D:4)
  5 wargs
  14 insubstantial wisps (Depths:1)
  13 swamp worms
  10 water moccasins
  3 spiny frog zombies
  10 porcupines
  2 hydra simulacra (Hell)
  6 floating eyes
  45 hell hounds
  46 orc warriors
  A two-headed ogre skeleton (Crypt:1)
  10 swamp drakes
  3 sky beasts
  7 ice beasts
  A merfolk skeleton (Crypt:1)
  A snapping turtle zombie (Dis:3)
  4 black bears
  An ettin simulacrum (Crypt:3)
  2 eyes of draining (Slime:4)
  A swamp dragon zombie (Dis:2)
  2 black bears (shapeshifter) (Vaults:4)
  8 boggarts
  5 necrophages
  3 phantoms
  A snapping turtle skeleton (Crypt:2)
  2 eyes of draining (shapeshifter)
  24 ogres
  14 centaurs
  18 wolves
  An elf skeleton (Vaults:3)
  An elephant skeleton (Crypt:2)
  11 crocodiles
  11 big kobolds
  21 bullfrogs
  A gnoll sergeant (D:7)
  An elf simulacrum (Vaults:1)
  4 earth elementals
  2 scorpions
  A wyvern skeleton (D:13)
  Dowan (D:4)
  2 tengu zombies
  A swamp dragon simulacrum (Crypt:3)
  A warg skeleton (Crypt:1)
  4 killer bees (D:8)
  A snapping turtle simulacrum (Crypt:3)
  25 wights
  An electric eel (Lair:6)
  A howler monkey (shapeshifter) (Vaults:4)
  4 howler monkeys (D:7)
  A bullfrog zombie (D:12)
  A spectral centaur (Crypt:3)
  6 lava snakes (Snake:2)
  33 starcursed masses
  4 centaur zombies
  7 crimson imps
  2 quasits
  A bullfrog skeleton (D:4)
  26 iron imps
  5 jellies
  A human zombie (Dis:7)
  17 orc priests
  3 hounds
  2 iguanas
  Natasha (thrice) (D:3)
  A human skeleton (Dis:7)
  17 orc wizards
  25 worker ants
  8 hell rats
  7 big kobold zombies (Ossuary)
  An acid dragon skeleton (Crypt:2)
  A naga skeleton (Crypt:2)
  2 hound zombies
  A human simulacrum (Crypt:3)
  2 demigod skeletons
  7 mummies
  2 hound skeletons
  2 worker ant zombies
  A howler monkey skeleton (Crypt:3)
  6 gnolls
  A swamp drake zombie (Crypt:3)
  12 adders
  A shadow imp (D:10)
  3 white imps
  An ooze (D:7)
  An adder skeleton (Crypt:3)
  An adder zombie (D:6)
  A lava snake skeleton (Crypt:1)
  3 worms
  2 ball lightnings (Depths:1)
  2 dart slugs
  3 leopard geckos
  144 orcs
  3 spectral bats (Ossuary)
  10 bats
  A giant cockroach (shapeshifter) (Vaults:4)
  4 giant cockroaches
  8 goblins
  4 hobgoblins
  4 jackals (D:6)
  25 kobolds
  5 quokkas
  6 ball pythons
  3 bat simulacra (Ossuary)
  6 frilled lizards
  A giant cockroach zombie (Crypt:1)
  5 gnoll zombies (Ossuary)
  3 goblin simulacra (Ossuary)
  6 goblin zombies (Ossuary)
  3 hobgoblin zombies
  4 kobold simulacra (Ossuary)
  4 kobold zombies (Ossuary)
  A leopard gecko skeleton (D:6)
  6 orc zombies (Ossuary)
  5 rats
  5 rat simulacra (Ossuary)
  A spectral goblin (Ossuary)
  2 spectral kobolds (Ossuary)
  6 spectral rats (Ossuary)
  A butterfly (D:8)
  4 crawling corpses (Vaults:4)
  3 fungi
  A lurking horror (Abyss:5)
  3 plants
  A spectral weapon (Slime:5)
  17 starspawn tentacles
3583 creatures vanquished.

Vanquished Creatures (collateral kills)
  2 orbs of fire
  Sojobo (Crypt:3)
  A curse toe (Zot:5)
  A Killer Klown (Zot:5)
  A golden dragon (Depths:3)
  An iron giant (Dis:7)
  An electric golem (Zot:5)
  7 Orb Guardians (Zot:5)
  5 tentacled monstrosities
  A Hell Sentinel (Pan)
  A deep elf blademaster (Elf:2)
  A deep elf master archer (Elf:3)
  3 ancient champions
  2 death cobs (Zot:3)
  2 storm dragons
  A draconian knight (Zot:2)
  2 deep elf sorcerers
  A vault warden (Vaults:4)
  A draconian scorcher (Zot:1)
  A ghost moth (Zot:5)
  A draconian shifter (Zot:1)
  2 draconian annihilators (Zot:1)
  4 very ugly things
  A reaper (Dis:7)
  A draconian stormcaller (Zot:4)
  2 green draconians
  3 deep elf demonologists (Elf:3)
  Nessos (Lair:4)
  A white draconian (Zot:1)
  A red draconian (Zot:2)
  2 deep elf annihilators (Elf:3)
  A black draconian (Zot:1)
  A blizzard demon (Hell)
  4 deep elf death magi (Elf:3)
  A green death (Hell)
  2 deep elf high priests (Elf:3)
  2 hydras
  A spriggan air mage (Depths:1)
  A centaur warrior (Depths:1)
  A titan zombie (Hell)
  A soul eater (Pan)
  3 iron trolls (Dis:7)
  A hell knight (Hell)
  2 skeletal warriors (Dis:7)
  A wizard (Depths:1)
  A swamp dragon (Abyss:2)
  2 naga ritualists (Snake:4)
  2 deep elf archers (Hell)
  5 deep elf magi
  A frost giant zombie (Hell)
  An ugly thing (Depths:1)
  An orc sorcerer (Elf:3)
  7 moths of wrath
  A black mamba (Lair:3)
  A naga mage (Snake:4)
  A spiny frog (Swamp:4)
  A rust devil (Dis:7)
  2 ice devils (Hell)
  2 komodo dragons
  An efreet (D:15)
  3 red devils
  2 trolls
  2 dream sheep (Lair:6)
  A small abomination (Abyss:2)
  3 wraiths (Dis:7)
  2 golden eyes (Slime:5)
  2 fire elementals (Hell)
  2 soldier ants (D:13)
  A hell hound (Dis:7)
  A water moccasin (Lair:6)
  3 orc warriors
  A swamp drake (Swamp:4)
  A boggart (Depths:2)
  An ogre (Orc:1)
  A jelly (D:13)
  An iron imp (Dis:7)
  6 worker ants (D:13)
  2 orcs
  2 fungi (Lair:6)
143 creatures vanquished.

Vanquished Creatures (others)
  A thorn hunter (Swamp:3)
  2 eldritch tentacles
  2 fire giants
  A reaper (Hell)
  A white draconian (Zot:5)
  A sixfirhy (Abyss:5)
  A skeletal warrior (Dis:7)
  A glowing orange brain (Abyss:5)
  A rust devil (Pan)
  A polar bear (IceCv)
  A raiju (Abyss:1)
  A swamp worm (Swamp:3)
  2 wolves (IceCv)
  3 hell rats (Hell)
  12 ball lightnings (Depths:1)
  4 fungi
  12 plants
  8 snaplasher vines
  26 spectral weapons
  19 starspawn tentacles
100 creatures vanquished.

Grand Total: 3826 creatures vanquished

Notes
Turn   | Place    | Note
-------+----------+-------------------------------------------
     0 | D:1      | Morbidden the Gnoll Fighter began the quest for the Orb.
     0 | D:1      | Reached XP level 1. HP: 23/23 MP: 1/1
    59 | D:1      | Reached XP level 2. HP: 26/29 MP: 2/2
   441 | D:1      | Reached XP level 3. HP: 32/35 MP: 3/3
   930 | D:2      | Reached skill level 1 in Invocations
  1053 | D:2      | Reached skill level 1 in Short Blades
  1053 | D:2      | Reached skill level 1 in Long Blades
  1053 | D:2      | Reached skill level 1 in Maces & Flails
  1053 | D:2      | Reached skill level 1 in Polearms
  1053 | D:2      | Reached skill level 1 in Staves
  1053 | D:2      | Reached skill level 1 in Slings
  1053 | D:2      | Reached skill level 1 in Bows
  1053 | D:2      | Reached skill level 1 in Crossbows
  1053 | D:2      | Reached skill level 1 in Throwing
  1053 | D:2      | Reached skill level 1 in Dodging
  1053 | D:2      | Reached skill level 1 in Stealth
  1053 | D:2      | Reached skill level 1 in Unarmed Combat
  1053 | D:2      | Reached skill level 1 in Spellcasting
  1053 | D:2      | Reached skill level 1 in Evocations
  1082 | D:2      | Reached XP level 4. HP: 41/41 MP: 5/5
  1119 | D:2      | Reached skill level 1 in Conjurations
  1119 | D:2      | Reached skill level 1 in Hexes
  1119 | D:2      | Reached skill level 1 in Charms
  1119 | D:2      | Reached skill level 1 in Summonings
  1119 | D:2      | Reached skill level 1 in Necromancy
  1119 | D:2      | Reached skill level 1 in Translocations
  1119 | D:2      | Reached skill level 1 in Transmutations
  1119 | D:2      | Reached skill level 1 in Fire Magic
  1119 | D:2      | Reached skill level 1 in Ice Magic
  1119 | D:2      | Reached skill level 1 in Air Magic
  1119 | D:2      | Reached skill level 1 in Earth Magic
  1119 | D:2      | Reached skill level 1 in Poison Magic
  1591 | D:3      | Noticed Natasha
  1602 | D:3      | Killed Natasha
  1602 | D:3      | Reached XP level 5. HP: 35/47 MP: 5/7
  1645 | D:3      | Found a sparkling altar of Nemelex Xobeh.
  1698 | D:3      | Found a sacrificial altar of Ru.
  1839 | D:3      | Noticed Natasha
  1846 | D:3      | Killed Natasha
  2152 | D:3      | Noticed Natasha
  2176 | D:3      | Killed Natasha
  2302 | D:3      | Noticed Grinder
  2309 | D:3      | Killed Grinder
  2309 | D:3      | Reached skill level 5 in Axes
  2309 | D:3      | Reached XP level 6. HP: 39/53 MP: 7/9
  2460 | D:4      | Reached XP level 7. HP: 53/59 MP: 10/10
  2493 | D:4      | Noticed Dowan
  2493 | D:4      | Noticed Duvessa
  2542 | D:4      | Killed Dowan
  2590 | D:4      | Killed Duvessa
  2911 | D:4      | Found a glowing silver altar of Zin.
  3359 | D:5      | Entered Level 5 of the Dungeon
  3359 | D:5      | Found a shattered altar of Ashenzari.
  3413 | D:5      | Found a staircase to the Ecumenical Temple.
  3424 | Temple   | Entered the Ecumenical Temple
  3566 | D:5      | Found a sand-covered staircase.
  3575 | Ossuary  | Entered an ossuary
  3688 | Ossuary  | Reached XP level 8. HP: 67/67 MP: 12/12
  4964 | D:5      | Found a hide-covered altar of Uskayaw.
  5176 | D:5      | Found an iron altar of Okawaru.
  5182 | D:5      | Became a worshipper of Warmaster Okawaru
  5571 | D:6      | Reached XP level 9. HP: 63/72 MP: 14/14
  5712 | D:6      | Reached * piety under Okawaru
  5925 | D:6      | Noticed Pikel
  5992 | D:6      | Killed Pikel
  5992 | D:6      | Reached ** piety under Okawaru
  6635 | D:7      | Reached skill level 5 in Invocations
  6664 | D:7      | Noticed Harold
  6691 | D:7      | Killed Harold
  6691 | D:7      | Reached *** piety under Okawaru
  6691 | D:7      | Reached XP level 10. HP: 40/80 MP: 15/17
  6720 | D:7      | Reached skill level 5 in Short Blades
  6720 | D:7      | Reached skill level 5 in Long Blades
  6720 | D:7      | Reached skill level 5 in Maces & Flails
  6720 | D:7      | Reached skill level 5 in Polearms
  6720 | D:7      | Reached skill level 5 in Staves
  6720 | D:7      | Reached skill level 5 in Slings
  6720 | D:7      | Reached skill level 5 in Bows
  6720 | D:7      | Reached skill level 5 in Crossbows
  6720 | D:7      | Reached skill level 5 in Throwing
  6720 | D:7      | Reached skill level 5 in Dodging
  6720 | D:7      | Reached skill level 5 in Stealth
  6720 | D:7      | Reached skill level 5 in Unarmed Combat
  6720 | D:7      | Reached skill level 5 in Spellcasting
  6720 | D:7      | Reached skill level 5 in Evocations
  6810 | D:7      | Found a shadowy altar of Dithmenos.
  7199 | D:7      | Found a shimmering altar of Xom.
  7320 | D:8      | Found a glowing golden altar of the Shining One.
  7400 | D:8      | Noticed Grum
  7421 | D:8      | Killed Grum
  7534 | D:8      | Reached **** piety under Okawaru
  7557 | D:8      | Found a staircase to the Lair.
  7557 | D:8      | Noticed an elephant
  7607 | D:8      | Found a flagged portal.
  7617 | Bailey   | Entered a bailey
  8559 | Bailey   | Reached XP level 11. HP: 77/87 MP: 16/19
  9150 | Bailey   | Got a pitted bardiche
  9209 | Bailey   | Identified the +8 bardiche of Distraction {venom, *Slow
                  | rC+++ Str+2 Stlth+} (You found it in a bailey)
  9777 | D:8      | Reached skill level 5 in Conjurations
  9777 | D:8      | Reached skill level 5 in Hexes
  9777 | D:8      | Reached skill level 5 in Charms
  9777 | D:8      | Reached skill level 5 in Summonings
  9777 | D:8      | Reached skill level 5 in Necromancy
  9777 | D:8      | Reached skill level 5 in Translocations
  9777 | D:8      | Reached skill level 5 in Transmutations
  9777 | D:8      | Reached skill level 5 in Fire Magic
  9777 | D:8      | Reached skill level 5 in Ice Magic
  9777 | D:8      | Reached skill level 5 in Air Magic
  9777 | D:8      | Reached skill level 5 in Earth Magic
  9777 | D:8      | Reached skill level 5 in Poison Magic
 10051 | D:9      | Found a snail-covered altar of Cheibriados.
 10257 | D:9      | Found a bloodstained altar of Trog.
 10685 | D:10     | Entered Level 10 of the Dungeon
 10743 | D:10     | Noticed Snorg
 10754 | D:10     | Killed Snorg
 10754 | D:10     | Received a gift from Okawaru
 10920 | D:10     | Found Fudoefo's Armour Shop.
 10949 | D:10     | Noticed Josephine
 10961 | D:10     | Killed Josephine
 11032 | D:10     | Received a gift from Okawaru
 11492 | D:11     | Noticed a cyclops
 11499 | D:11     | Killed a cyclops
 11499 | D:11     | Received a gift from Okawaru
 11507 | D:11     | Noticed Maurice
 11566 | D:11     | Noticed a cyan ugly thing
 11858 | D:11     | Killed Maurice
 11858 | D:11     | Noticed Erolcha
 11865 | D:11     | Killed Erolcha
 11865 | D:11     | Reached ***** piety under Okawaru
 11865 | D:11     | Reached skill level 10 in Shields
 11865 | D:11     | Reached XP level 12. HP: 88/96 MP: 18/22
 11989 | D:11     | Found a runed door.
 12004 | D:11     | Noticed iVAG's ghost (novice DrCj)
 12017 | D:11     | Noticed Fannar
 12037 | D:11     | Killed Fannar
 12098 | D:11     | Killed iVAG's ghost
 12098 | D:11     | Received a gift from Okawaru
 12655 | D:12     | Received a gift from Okawaru
 12968 | D:12     | Found a staircase to the Orcish Mines.
 13125 | D:12     | Noticed a seven-headed hydra
 13135 | D:12     | Killed a seven-headed hydra
 13149 | D:12     | Reached skill level 10 in Fighting
 13149 | D:12     | Reached skill level 10 in Armour
 13194 | D:12     | Noticed a sun demon
 13209 | D:12     | Noticed a sun demon
 13470 | D:12     | Reached XP level 13. HP: 82/103 MP: 21/24
 13848 | Lair:1   | Entered Level 1 of the Lair of Beasts
 15532 | Lair:3   | Noticed Sonja
 15533 | Lair:3   | Noticed Sonja
 15533 | Lair:3   | Sonja changed into Sonja the yak
 15553 | Lair:3   | Killed Sonja the yak
 15888 | Lair:3   | Identified 2 scrolls of acquirement
 15891 | Lair:3   | Got a pair of heavily runed gloves
 15903 | Lair:3   | Identified the +3 pair of gloves of Foolhardiness {rC+}
                  | (You acquired it on level 3 of the Lair of Beasts)
 15999 | Lair:3   | Found a staircase to the Swamp.
 16017 | Lair:3   | Found a staircase to the Snake Pit.
 16272 | Lair:3   | Received a gift from Okawaru
 16642 | Lair:4   | Received a gift from Okawaru
 16681 | Lair:4   | Reached ****** piety under Okawaru
 16723 | Lair:4   | Noticed a minotaur
 16723 | Lair:4   | a seven-headed hydra changed into a minotaur
 16727 | Lair:4   | Killed a minotaur
 16886 | Lair:4   | Noticed Nessos
 16893 | Lair:4   | Killed Nessos
 17403 | Lair:5   | Reached XP level 14. HP: 98/111 MP: 26/26
 17908 | Lair:6   | Entered Level 6 of the Lair of Beasts
 17922 | Lair:6   | Reached skill level 10 in Axes
 17926 | Lair:6   | Received a gift from Okawaru
 17963 | Lair:6   | Received a gift from Okawaru
 18385 | Lair:6   | Found the +2 hat of the Bear Spirit {Spirit, +Rage rN+
                  | MR++}
 18408 | Lair:6   | Reached skill level 10 in Invocations
 18940 | Lair:6   | Received a gift from Okawaru
 19049 | Lair:6   | Found a runed door.
 19049 | Lair:6   | Found a viscous altar of Jiyva.
 19049 | Lair:6   | Noticed an azure jelly
 19726 | Lair:6   | Found a staircase to the Slime Pits.
 19726 | Lair:6   | Noticed an azure jelly
 19726 | Lair:6   | Noticed an azure jelly
 20078 | Orc:1    | Entered Level 1 of the Orcish Mines
 20091 | Orc:1    | Found a runed door.
 20105 | Orc:1    | Noticed Revguard's ghost (novice DsBe)
 20153 | Orc:1    | Noticed an orc warlord
 20173 | Orc:1    | Killed an orc warlord
 20290 | Orc:1    | Found a frozen archway.
 20290 | Orc:1    | Noticed Gastronok
 20307 | Orc:1    | Killed Gastronok
 20307 | Orc:1    | Received a gift from Okawaru
 20307 | Orc:1    | Reached XP level 15. HP: 82/119 MP: 28/28
 20325 | IceCv    | Entered an ice cave
 21037 | IceCv    | Noticed a frost giant
 21064 | IceCv    | Killed a frost giant
 21134 | IceCv    | Got an ancient ivory ring
 21149 | IceCv    | Identified the ring "Fodarch" {rC+ MR++ Int+4 Dex+2} (You
                  | found it in an ice cave)
 21555 | Orc:2    | Entered Level 2 of the Orcish Mines
 21868 | Orc:1    | Killed Revguard's ghost
 21893 | Orc:2    | Found Zoruwkiu's Antique Weapon Emporium.
 22562 | Orc:1    | Reached skill level 10 in Short Blades
 22562 | Orc:1    | Reached skill level 10 in Long Blades
 22562 | Orc:1    | Reached skill level 10 in Maces & Flails
 22562 | Orc:1    | Reached skill level 10 in Polearms
 22562 | Orc:1    | Reached skill level 10 in Staves
 22562 | Orc:1    | Reached skill level 10 in Slings
 22562 | Orc:1    | Reached skill level 10 in Bows
 22562 | Orc:1    | Reached skill level 10 in Crossbows
 22562 | Orc:1    | Reached skill level 10 in Throwing
 22562 | Orc:1    | Reached skill level 10 in Dodging
 22562 | Orc:1    | Reached skill level 10 in Stealth
 22562 | Orc:1    | Reached skill level 10 in Unarmed Combat
 22562 | Orc:1    | Reached skill level 10 in Spellcasting
 22562 | Orc:1    | Reached skill level 10 in Evocations
 22801 | Orc:1    | Received a gift from Okawaru
 22804 | Orc:1    | Got a fine shield {god gift}
 23040 | Orc:1    | Identified the +1 shield of the Evening Star {Dex+2}
                  | (Okawaru gifted it to you on level 1 of the Orcish Mines)
 23682 | Orc:2    | Found Foesulet's Antique Armour Emporium.
 24104 | Orc:2    | Found Jygacs's General Store.
 24119 | Orc:2    | Found a staircase to the Elven Halls.
 24162 | Orc:2    | Found Niredd's Distillery.
 24199 | Orc:2    | Found Vaobb's Book Emporium.
 24430 | Orc:2    | Bought a pair of glowing boots for 217 gold pieces
 24430 | Orc:2    | Bought a pair of runed boots for 217 gold pieces
 24481 | Orc:2    | Bought a manual of Dodging for 1656 gold pieces
 24509 | Orc:2    | Bought a potion of heal wounds for 65 gold pieces
 24509 | Orc:2    | Bought a potion of curing for 39 gold pieces
 24509 | Orc:2    | Bought a potion of heal wounds for 65 gold pieces
 25352 | D:13     | Reached XP level 16. HP: 122/127 MP: 26/30
 25368 | D:13     | Received a gift from Okawaru
 25872 | D:14     | Found Oguedak's Distillery.
 25875 | D:14     | Bought a potion of heal wounds for 55 gold pieces
 26357 | D:14     | Noticed Agnes
 26368 | D:14     | Killed Agnes
 26452 | D:14     | Found a gate to the Vaults.
 26621 | D:14     | Noticed Louise
 26629 | D:14     | Killed Louise
 26853 | D:15     | Entered Level 15 of the Dungeon
 26864 | D:15     | Found a hide-covered altar of Uskayaw.
 26887 | D:15     | Got a scintillating bone ring
 26890 | D:15     | Identified the ring "Otzuneas" {MR+ Str+2} (You found it on
                  | level 15 of the Dungeon)
 27292 | D:15     | Identified the Volume of Rubbish
 27553 | Swamp:1  | Entered Level 1 of the Swamp
 27594 | Swamp:1  | Noticed a thorn hunter
 27614 | Swamp:1  | Killed a thorn hunter
 28308 | Swamp:1  | Received a gift from Okawaru
 28665 | Swamp:1  | Learned a level 2 spell: Searing Ray
 28816 | Swamp:2  | Received a gift from Okawaru
 29814 | Swamp:2  | Noticed Roxanne
 30077 | Swamp:3  | Noticed a thorn hunter
 30096 | Swamp:3  | Killed a thorn hunter
 30576 | Elf:1    | Entered Level 1 of the Elven Halls
 31338 | Elf:1    | Reached skill level 15 in Shields
 31683 | Elf:1    | Identified the Compendium of Conjuration
 31691 | Elf:1    | Learned a level 2 spell: Poisonous Vapours
 32060 | Elf:1    | Reached XP level 17. HP: 131/135 MP: 32/32
 32351 | Orc:2    | Bought a jewelled great sword for 333 gold pieces
 32359 | Orc:2    | Identified the +11 great sword of Change {venom, *Slow +Fly
                  | Int+3} (You bought it in a shop on level 2 of the Orcish
                  | Mines)
 32368 | Orc:2    | Bought an ichor-stained long sword for 246 gold pieces
 32370 | Orc:2    | Identified the cursed +0 long sword of Aneah {venom, Int+4}
                  | (You bought it in a shop on level 2 of the Orcish Mines)
 32918 | Elf:2    | Received a gift from Okawaru
 32931 | Elf:2    | Found a huge runed gate.
 32931 | Elf:2    | Found a huge runed gate.
 32931 | Elf:2    | Found a huge runed gate.
 32931 | Elf:2    | Found a huge runed gate.
 32931 | Elf:2    | Found a huge runed gate.
 33118 | Elf:2    | Received a gift from Okawaru
 34036 | Elf:2    | Noticed Nikola
 34987 | Swamp:3  | Learned a level 4 spell: Summon Ice Beast
 35371 | Swamp:3  | Received a gift from Okawaru
 35555 | Swamp:4  | Entered Level 4 of the Swamp
 35603 | Swamp:4  | Got a scintillating golden ring
 35604 | Swamp:4  | Identified the ring of Yschaag {Wiz +Blink rN+ MP+9 Dex+4}
                  | (You found it on level 4 of the Swamp)
 35627 | Swamp:4  | Received a gift from Okawaru
 36145 | Swamp:4  | Got a decaying rune of Zot
 36267 | Swamp:4  | Received a gift from Okawaru
 36803 | Vaults:1 | Entered Level 1 of the Vaults
 36810 | Vaults:1 | Reached skill level 10 in Conjurations
 36810 | Vaults:1 | Reached skill level 10 in Hexes
 36810 | Vaults:1 | Reached skill level 10 in Charms
 36810 | Vaults:1 | Reached skill level 10 in Summonings
 36810 | Vaults:1 | Reached skill level 10 in Necromancy
 36810 | Vaults:1 | Reached skill level 10 in Translocations
 36810 | Vaults:1 | Reached skill level 10 in Transmutations
 36810 | Vaults:1 | Reached skill level 10 in Fire Magic
 36810 | Vaults:1 | Reached skill level 10 in Ice Magic
 36810 | Vaults:1 | Reached skill level 10 in Air Magic
 36810 | Vaults:1 | Reached skill level 10 in Earth Magic
 36810 | Vaults:1 | Reached skill level 10 in Poison Magic
 36871 | Vaults:1 | Received a gift from Okawaru
 36932 | Vaults:1 | Reached XP level 18. HP: 143/143 MP: 33/33
 37024 | Vaults:1 | Received a gift from Okawaru
 37067 | Vaults:1 | Received a gift from Okawaru
 37141 | Vaults:1 | Found a flickering gateway to a bazaar.
 37149 | Bazaar   | Entered a bazaar
 37149 | Bazaar   | Found Efadd's Antique Weapon Boutique.
 37149 | Bazaar   | Found Karuatwi's Armour Shop.
 37149 | Bazaar   | Found Naimaf's Antique Armour Shop.
 37169 | Bazaar   | Bought a glowing double sword for 468 gold pieces
 37444 | Vaults:1 | Received a gift from Okawaru
 37482 | Vaults:1 | Got a transparent plate armour {god gift}
 38702 | Vaults:2 | Received a gift from Okawaru
 38922 | Vaults:2 | Reached XP level 19. HP: 134/151 MP: 35/35
 39403 | Vaults:2 | Received a gift from Okawaru
 39583 | Vaults:2 | Identified the +1 plate armour of Resilience {rElec rPois
                  | rC- Str-2} (Okawaru gifted it to you on level 1 of the
                  | Vaults)
 39798 | Vaults:2 | Received a gift from Okawaru
 39916 | Vaults:3 | Found Gaxiesom's Magic Scroll Emporium.
 39919 | Vaults:3 | Found Ikyev's Jewellery Emporium.
 39929 | Vaults:3 | Bought a scroll of enchant weapon for 82 gold pieces
 40129 | Vaults:3 | Found Nuypaum's Antique Armour Shoppe.
 40137 | Vaults:3 | Found a staircase to the Crypt.
 40194 | Vaults:3 | Noticed Mara
 40248 | Vaults:3 | Killed Mara
 40328 | Vaults:3 | Received a gift from Okawaru
 40543 | Vaults:3 | Found Kaih Fep's Antique Armour Shop.
 40550 | Vaults:3 | Found Eskyoqai's Magic Scroll Shoppe.
 40558 | Vaults:3 | Bought a scroll of brand weapon for 400 gold pieces
 41649 | Vaults:4 | Noticed Margery
 41659 | Vaults:4 | Killed Margery
 41659 | Vaults:4 | Reached skill level 15 in Dodging
 41680 | Vaults:4 | Reached XP level 20. HP: 136/159 MP: 36/36
 41722 | Vaults:4 | Received a gift from Okawaru
 41796 | Vaults:4 | Found a ruined gateway.
 41809 | Vaults:4 | Noticed a Brimstone Fiend
 41828 | Desolati | Entered the Desolation of Salt
 42129 | Desolati | Identified the +2 bardiche "Edocienium" {flame, Int+4} (You
                  | found it in the Desolation of Salt)
 42360 | Desolati | Received a gift from Okawaru
 42386 | Desolati | Got a pitted broad axe {god gift}
 42395 | Desolati | Identified the +12 broad axe of the Vanishing Princes
                  | {flame, MR++} (Okawaru gifted it to you in the Desolation
                  | of Salt)
 42578 | Desolati | Identified Hoigrev's Grimoire of Dark Ice
 42867 | Desolati | Identified the Catalogue of Captivating Flight
 42894 | Desolati | Learned a level 3 spell: Spectral Weapon
 43253 | Desolati | Received a gift from Okawaru
 43457 | Vaults:4 | Received a gift from Okawaru
 44036 | Vaults:4 | Received a gift from Okawaru
 44050 | Vaults:4 | Reached XP level 21. HP: 147/166 MP: 38/38
 44333 | Vaults:4 | Received a gift from Okawaru
 44377 | Vaults:4 | Received a gift from Okawaru
 45409 | Snake:1  | Entered Level 1 of the Snake Pit
 45671 | Snake:1  | Noticed Azrael
 45700 | Snake:1  | Killed Azrael
 45770 | Snake:1  | Reached skill level 15 in Fighting
 45770 | Snake:1  | Reached skill level 15 in Armour
 46281 | Snake:2  | Found Cigruag's Jewellery Emporium.
 46284 | Snake:2  | Found Peutan's Gadget Boutique.
 46285 | Snake:2  | Found Ceul's Jewellery Emporium.
 46298 | Snake:2  | Bought the amulet "Fyez" {RegenMP rN+ Str+4 Stlth+} for 681
                  | gold pieces
 46832 | Snake:3  | Reached skill level 15 in Invocations
 47025 | Snake:3  | Received a gift from Okawaru
 47589 | Snake:4  | Entered Level 4 of the Snake Pit
 48110 | Snake:4  | Reached XP level 22. HP: 142/175 MP: 39/40
 49473 | Snake:4  | Received a gift from Okawaru
 49740 | Snake:4  | Got a serpentine rune of Zot
 50251 | Elf:2    | Killed Nikola
 50633 | Elf:2    | Reached skill level 15 in Axes
 50738 | Elf:3    | Entered Level 3 of the Elven Halls
 50853 | Elf:3    | Received a gift from Okawaru
 51229 | Elf:2    | Received a gift from Okawaru
 51715 | Elf:3    | Learned a level 5 spell: Summon Forest
 51902 | Elf:3    | Identified the ring "Julallaw" {rPois MR++ Str-5 Int-2
                  | Stlth+} (You found it on level 3 of the Elven Halls)
 52446 | Elf:3    | Reached XP level 23. HP: 140/183 MP: 32/41
 52568 | Elf:3    | Identified the cursed ring "Piusoy" {rF+ Str-3 Dex-2 Slay+3
                  | Stlth+} (You took it off a deep elf mage on level 3 of the
                  | Elven Halls)
 52600 | Elf:3    | Identified the Incunabulum of Unstable Dislocation
 52607 | Elf:3    | Identified the Incunabulum of Torrid Poisoning
 52610 | Elf:3    | Identified the Papyrus of Dark Talismans
 53001 | Elf:3    | Found Qoodus's Book Boutique.
 53463 | D:15     | Found a staircase to the Depths.
 53573 | Depths:1 | Entered Level 1 of the Depths
 53592 | Depths:1 | Received a gift from Okawaru
 53842 | Depths:1 | Got a bloodstained cloak {god gift}
 53858 | D:15     | Identified the +0 cloak "Xupick" {Int+4} (Okawaru gifted it
                  | to you on level 1 of the Depths)
 53874 | Depths:1 | Found Hutaoss's Antique Weapon Boutique.
 53902 | Depths:1 | Found a one-way gate to the infinite horrors of the Abyss.
 53925 | Depths:1 | Found Emerph's Assorted Antiques.
 53938 | Depths:1 | Reached skill level 15 in Short Blades
 53940 | Depths:1 | Reached skill level 15 in Maces & Flails
 53998 | Depths:1 | Bought a ring of evasion for 66 gold pieces
 54130 | Depths:1 | Noticed an ancient lich
 54573 | D:15     | Killed an ancient lich
 54623 | Depths:1 | Reached skill level 15 in Long Blades
 54623 | Depths:1 | Reached skill level 15 in Polearms
 54623 | Depths:1 | Reached skill level 15 in Staves
 54623 | Depths:1 | Reached skill level 15 in Slings
 54623 | Depths:1 | Reached skill level 15 in Bows
 54623 | Depths:1 | Reached skill level 15 in Crossbows
 54623 | Depths:1 | Reached skill level 15 in Throwing
 54623 | Depths:1 | Reached skill level 15 in Stealth
 54623 | Depths:1 | Reached skill level 15 in Unarmed Combat
 54623 | Depths:1 | Reached skill level 15 in Spellcasting
 54623 | Depths:1 | Reached skill level 15 in Evocations
 54702 | Depths:1 | Identified Weczuhej's Almanac of Confrontation
 54719 | Depths:1 | Identified the +2 centaur barding of the Trees {+Blink +Inv
                  | Str+3 Int-4} (You found it on level 1 of the Depths)
 54760 | Depths:1 | Found a gateway to Hell.
 54811 | Depths:1 | Found Udul Egi's Magic Scroll Boutique.
 54844 | Depths:1 | Found Eckoher's Food Emporium.
 54989 | Depths:1 | Found Reoloido's General Store.
 55354 | Depths:1 | Received a gift from Okawaru
 55597 | Depths:2 | Identified the ring of Ejulaude {Ice -Tele MR+ Dex+7} (You
                  | found it on level 2 of the Depths)
 55688 | Depths:2 | Paralysed by a floating eye for 4 turns
 55762 | Depths:2 | Identified the ring of Upasuruaph {+Blink rPois rF- rN++
                  | Str-4} (You found it on level 2 of the Depths)
 55854 | Depths:2 | Noticed a juggernaut
 55866 | Depths:2 | Killed a juggernaut
 55866 | Depths:2 | Reached XP level 24. HP: 170/191 MP: 42/42
 55890 | Depths:2 | Noticed Saint Roka
 56124 | Depths:2 | Found Nuxoetyrey's Armour Shop.
 56166 | Depths:2 | Learned a level 3 spell: Regeneration
 56169 | Depths:2 | Learned a level 2 spell: Song of Slaying
 56272 | Depths:2 | Found Lecliopo's Gadget Shoppe.
 56287 | Depths:2 | Killed Saint Roka
 56290 | Depths:2 | Received a gift from Okawaru
 56392 | Depths:2 | Identified the ring of Pride {rCorr *Drain rN+ Int+7} (You
                  | took it off an orc on level 2 of the Depths)
 56538 | Depths:2 | Found Coynyiko's Magic Scroll Boutique.
 56547 | Depths:2 | Bought a scroll of enchant armour for 157 gold pieces
 56620 | Depths:3 | Found Siamp's Armour Emporium.
 56738 | Depths:3 | Found a one-way gate leading to the halls of Pandemonium.
 56874 | Depths:3 | Noticed a juggernaut
 56874 | Depths:3 | Noticed a juggernaut
 56899 | Depths:3 | Killed a juggernaut
 56899 | Depths:3 | Received a gift from Okawaru
 56904 | Depths:3 | Killed a juggernaut
 56917 | Depths:3 | Noticed a caustic shrike
 56919 | Depths:3 | Received a gift from Okawaru
 56925 | Depths:3 | Killed a caustic shrike
 56987 | Depths:3 | Received a gift from Okawaru
 57124 | Depths:3 | Noticed a caustic shrike
 57162 | Depths:3 | Noticed a juggernaut
 57196 | Depths:3 | Killed a juggernaut
 57246 | Depths:3 | Noticed a caustic shrike
 57260 | Depths:3 | Killed a caustic shrike
 57295 | Depths:3 | Killed a caustic shrike
 57295 | Depths:3 | Reached XP level 25. HP: 124/200 MP: 33/42
 57956 | Depths:3 | Identified the amulet "Qahucykuse" {Inacc -Tele rPois rC+
                  | Str+4} (You found it on level 3 of the Depths)
 57991 | Depths:3 | Identified the ring "Luky" {rC+ MP+9} (You found it on
                  | level 3 of the Depths)
 58742 | Depths:4 | Noticed Mennas
 58783 | Depths:4 | Killed Mennas
 58838 | Depths:4 | Found a gateway to a ziggurat.
 58966 | Depths:4 | Received a gift from Okawaru
 59455 | Depths:5 | Entered Level 5 of the Depths
 59732 | Depths:5 | Found a gate to the Realm of Zot.
 60224 | Depths:5 | Received a gift from Okawaru
 60233 | Depths:5 | Reached XP level 26. HP: 192/208 MP: 43/43
 60923 | Vaults:5 | Entered Level 5 of the Vaults
 61003 | Vaults:5 | Received a gift from Okawaru
 61075 | Vaults:5 | Received a gift from Okawaru
 61176 | Vaults:5 | Found the -2 hat of the Alchemist {rElec rPois rF+ rC+ rN+
                  | MR+ rMut rCorr}
 61255 | Vaults:5 | Identified the amulet "Dipiushru" {Reflect rN+ MR+ SH+3}
                  | (You found it on level 5 of the Vaults)
 61443 | Vaults:5 | Got a glittering silver ring
 61444 | Vaults:5 | Identified the ring of Osowixecw {*Drain rPois rC++ Slay+2
                  | Stlth+} (You found it on level 5 of the Vaults)
 61475 | Vaults:5 | Received a gift from Okawaru
 61574 | Vaults:5 | Received a gift from Okawaru
 61661 | Vaults:5 | Got a steaming lead amulet
 61662 | Vaults:5 | Identified the amulet of Qixtesh {Acrobat -Tele *Corrode
                  | rC+++ SInv} (You found it on level 5 of the Vaults)
 62097 | Vaults:3 | Bought a runed scarf for 352 gold pieces
 62210 | Vaults:5 | Received a gift from Okawaru
 62227 | Vaults:5 | Got a silver rune of Zot
 62312 | Vaults:5 | Reached XP level 27. HP: 207/217 MP: 43/43
 63105 | Slime:1  | Entered Level 1 of the Pits of Slime
 63123 | Slime:1  | Received a gift from Okawaru
 63227 | Slime:3  | Gained mutation: Your body sometimes deteriorates upon
                  | taking damage. [a shining eye]
 63278 | Slime:5  | Entered Level 5 of the Pits of Slime
 63293 | Slime:5  | Paralysed by a floating eye for 2 turns
 63386 | Slime:5  | Noticed the Royal Jelly
 63596 | Slime:5  | Received a gift from Okawaru
 63597 | Slime:5  | Killed the Royal Jelly
 63838 | Slime:5  | Gained mutation: Scrolls take you a little longer to read.
                  | [a shining eye]
 64035 | Slime:5  | Lost mutation: Your body sometimes deteriorates upon taking
                  | damage. [potion of mutation]
 64035 | Slime:5  | Lost mutation: Scrolls take you a little longer to read.
                  | [potion of mutation]
 64035 | Slime:5  | Gained mutation: You are agile. (Dex +2) [potion of
                  | mutation]
 64056 | Slime:5  | Received a gift from Okawaru
 64114 | Slime:5  | Found the +4 skin of Zhor {rC+++}
 64152 | Slime:5  | Got a translucent golden ring
 64153 | Slime:5  | Identified the ring of the Villain {-Tele rF+ Dex+2 Stlth+}
                  | (You found it on level 5 of the Pits of Slime)
 64159 | Slime:5  | Got a slimy rune of Zot
 64264 | Slime:5  | Identified the +6 hand crossbow of the Vase {elec, rElec
                  | rC+ Int+7 Dex-3} (You found it on level 5 of the Pits of
                  | Slime)
 64915 | Crypt:1  | Entered Level 1 of the Crypt
 65258 | Crypt:1  | Learned a level 5 spell: Borgnjor's Vile Clutch
 65265 | Crypt:1  | Learned a level 6 spell: Death Channel
 65770 | Crypt:2  | Received a gift from Okawaru
 65930 | Crypt:2  | Noticed Frederick
 65943 | Crypt:2  | Killed Frederick
 66078 | Crypt:2  | Reached skill level 15 in Conjurations
 66078 | Crypt:2  | Reached skill level 15 in Hexes
 66078 | Crypt:2  | Reached skill level 15 in Charms
 66078 | Crypt:2  | Reached skill level 15 in Summonings
 66078 | Crypt:2  | Reached skill level 15 in Necromancy
 66078 | Crypt:2  | Reached skill level 15 in Translocations
 66078 | Crypt:2  | Reached skill level 15 in Transmutations
 66078 | Crypt:2  | Reached skill level 15 in Fire Magic
 66078 | Crypt:2  | Reached skill level 15 in Ice Magic
 66078 | Crypt:2  | Reached skill level 15 in Air Magic
 66078 | Crypt:2  | Reached skill level 15 in Earth Magic
 66078 | Crypt:2  | Reached skill level 15 in Poison Magic
 66782 | Crypt:3  | Entered Level 3 of the Crypt
 66800 | Crypt:3  | Noticed Sojobo
 66814 | Crypt:3  | Killed Sojobo
 67382 | Crypt:3  | Received a gift from Okawaru
 67498 | Crypt:3  | Found a staircase to the Tomb.
 67757 | Crypt:3  | Found the cursed +13 scythe of Curses {drain, *Curse}
 67837 | Crypt:3  | Received a gift from Okawaru
 67951 | Crypt:3  | Identified the Almanac of Helpful Ignition
 67976 | Crypt:3  | Identified the Tome of Transformation and Sinister Magic
 67983 | Crypt:3  | Identified the +2 pair of gloves of Happiness {rC+ Int+3}
                  | (You found it on level 3 of the Crypt)
 68341 | D:9      | Fell from the grace of Okawaru
 68341 | D:9      | Became a worshipper of Cheibriados the Contemplative
 68561 | Depths:1 | Voluntarily entered the Abyss.
 68980 | Abyss:2  | Reached * piety under Cheibriados
 69077 | Abyss:3  | Paralysed by accursed screaming for 1 turns
 69254 | Abyss:3  | Found a corrupted altar of Lugonu.
 69356 | Abyss:4  | Reached ** piety under Cheibriados
 69628 | Abyss:5  | Entered Level 5 of the Abyss
 69801 | Abyss:5  | Reached *** piety under Cheibriados
 69911 | Abyss:5  | Reached **** piety under Cheibriados
 69998 | Abyss:5  | Learned a level 7 spell: Orb of Destruction
 70068 | Abyss:5  | Reached ***** piety under Cheibriados
 70221 | Abyss:5  | Gained mutation: Armour fits poorly on your strangely
                  | shaped body. [a cacodemon]
 70296 | Abyss:5  | Paralysed by accursed screaming for 1 turns
 70299 | Abyss:5  | Paralysed by accursed screaming for 2 turns
 70304 | Abyss:5  | Paralysed by accursed screaming for 1 turns
 70347 | Abyss:5  | Got an abyssal rune of Zot
 70370 | Depths:1 | Escaped the Abyss
 70695 | Depths:1 | Lost mutation: You are agile. (Dex +2) [potion of mutation]
 70695 | Depths:1 | Lost mutation: Armour fits poorly on your strangely shaped
                  | body. [potion of mutation]
 70695 | Depths:1 | Gained mutation: Your magical capacity is low. (-10% MP)
                  | [potion of mutation]
 70695 | Depths:1 | Gained mutation: Your body sometimes deteriorates upon
                  | taking damage. [potion of mutation]
 70695 | Depths:1 | Gained mutation: You are agile. (Dex +2) [potion of
                  | mutation]
 70696 | Depths:1 | Lost mutation: Your magical capacity is low. (-10% MP)
                  | [potion of mutation]
 70696 | Depths:1 | Lost mutation: Your body sometimes deteriorates upon taking
                  | damage. [potion of mutation]
 70696 | Depths:1 | Lost mutation: You are agile. (Dex +2) [potion of mutation]
 70696 | Depths:1 | Gained mutation: You have a somewhat thin skeletal
                  | structure. (Dex +2, Stealth) [potion of mutation]
 70990 | Elf:3    | Bought a Necronomicon for 1656 gold pieces
 71273 | Hell     | Entered the Vestibule of Hell
 71273 | Hell     | Noticed Geryon
 71444 | Hell     | Reached ****** piety under Cheibriados
 71840 | Depths:3 | Learned a level 7 spell: Spellforged Servitor
 71855 | Depths:3 | Learned a level 7 spell: Summon Hydra
 71926 | Hell     | Killed Geryon
 71961 | Hell     | Found a gateway to the ashen valley of Gehenna.
 72120 | Hell     | Found a gateway to the decaying netherworld of Tartarus.
 72193 | Hell     | Was forgiven by Okawaru
 72258 | Hell     | Found a gateway to the freezing wastes of Cocytus.
 72382 | Hell     | Found a gateway to the Iron City of Dis.
 72491 | Zot:1    | Entered Level 1 of the Realm of Zot
 74251 | Zot:3    | Noticed an orb of fire
 74251 | Zot:3    | Noticed an orb of fire
 74257 | Zot:3    | Gained mutation: Potions are less effective at restoring
                  | your health. [an orb of fire]
 74261 | Zot:3    | Killed an orb of fire
 74275 | Zot:3    | Killed an orb of fire
 74413 | Zot:3    | Learned a level 6 spell: Simulacrum
 74636 | Zot:3    | Noticed an orb of fire
 74640 | Zot:3    | Gained mutation: You tend to lose your temper in combat.
                  | [an orb of fire]
 74641 | Zot:3    | Gained mutation: Your spells are a little easier to cast,
                  | but a little less powerful. [an orb of fire]
 74649 | Zot:3    | Killed an orb of fire
 74793 | Zot:4    | Found a transporter.
 74991 | Zot:4    | Found a transporter.
 75796 | Zot:4    | Identified the amulet "Vaeleho" {RegenMP rElec rPois rF-
                  | Dex+5} (You found it on level 4 of the Realm of Zot)
 75803 | Zot:4    | Identified the amulet of the Philosopher {RegenMP *Corrode
                  | rElec rF- rC+++} (You found it on level 4 of the Realm of
                  | Zot)
 75979 | Zot:5    | Entered Level 5 of the Realm of Zot
 76320 | Zot:5    | Noticed an ancient lich
 76327 | Zot:5    | Noticed an orb of fire
 76342 | Zot:5    | Killed an orb of fire
 76348 | Zot:5    | Killed an ancient lich
 76357 | Zot:5    | Noticed an orb of fire
 76360 | Zot:5    | Gained mutation: Your magical capacity is low. (-10% MP)
                  | [an orb of fire]
 76360 | Zot:5    | Noticed an orb of fire
 76365 | Zot:5    | Gained mutation: Armour fits poorly on your strangely
                  | shaped body. [an orb of fire]
 76366 | Zot:5    | Killed an orb of fire
 76378 | Zot:5    | Killed an orb of fire
 76637 | Zot:5    | Noticed an ancient lich
 76641 | Zot:5    | Killed an ancient lich
 76680 | Zot:5    | Noticed an orb of fire
 76690 | Zot:5    | Killed an orb of fire
 76894 | Zot:5    | Noticed an orb of fire
 76898 | Zot:5    | Killed an orb of fire
 77028 | Zot:5    | Noticed an orb of fire
 77031 | Zot:5    | Killed an orb of fire
 77331 | Zot:5    | Noticed an ancient lich
 77346 | Zot:5    | Killed an ancient lich
 77535 | Zot:5    | Learned a level 8 spell: Necromutation
 77788 | Dis:1    | Entered Level 1 of the Iron City of Dis
 78055 | Dis:1    | Lost mutation: You tend to lose your temper in combat.
                  | [potion of mutation]
 78055 | Dis:1    | Lost mutation: Your magical capacity is low. (-10% MP)
                  | [potion of mutation]
 78055 | Dis:1    | Gained mutation: You are occasionally teleported next to
                  | monsters. [potion of mutation]
 78055 | Dis:1    | Gained mutation: Your muscles are strong. (Str +2) [potion
                  | of mutation]
 78055 | Dis:1    | Gained mutation: You have a moderately thin skeletal
                  | structure. (Dex +4, Stealth+) [potion of mutation]
 78056 | Dis:1    | Lost mutation: Your muscles are strong. (Str +2) [potion of
                  | mutation]
 78056 | Dis:1    | Lost mutation: Potions are less effective at restoring your
                  | health. [potion of mutation]
 78056 | Dis:1    | Lost mutation: You have a moderately thin skeletal
                  | structure. (Dex +4, Stealth+) [potion of mutation]
 78056 | Dis:1    | Lost mutation: You have a somewhat thin skeletal structure.
                  | (Dex +2, Stealth) [potion of mutation]
 78056 | Dis:1    | Gained mutation: You passively map a small area around you.
                  | [potion of mutation]
 78056 | Dis:1    | Gained mutation: You have sharp fingernails. [potion of
                  | mutation]
 78056 | Dis:1    | Gained mutation: You are partially covered in slimy green
                  | scales. (AC +2) [potion of mutation]
 78057 | Dis:1    | Lost mutation: Your spells are a little easier to cast, but
                  | a little less powerful. [potion of mutation]
 78057 | Dis:1    | Lost mutation: You are partially covered in slimy green
                  | scales. (AC +2) [potion of mutation]
 78057 | Dis:1    | Lost mutation: Armour fits poorly on your strangely shaped
                  | body. [potion of mutation]
 78057 | Dis:1    | Gained mutation: Your body sometimes deteriorates upon
                  | taking damage. [potion of mutation]
 78057 | Dis:1    | Lost mutation: Your body sometimes deteriorates upon taking
                  | damage. [potion of mutation]
 78057 | Dis:1    | Gained mutation: You expend magic power (3 MP) to
                  | strengthen your wands. [potion of mutation]
 79640 | Dis:7    | Entered Level 7 of the Iron City of Dis
 80756 | Dis:7    | Got a faintly glowing ivory ring
 80767 | Dis:7    | Identified the ring "Nygrylu" {+Fly MR+ Str+3 Int+2 Stlth+}
                  | (You found it on level 7 of the Iron City of Dis)
 80823 | Dis:7    | Identified the Volume of Evil Magic and the Arsonist
 81102 | Dis:7    | Noticed the Serpent of Hell
 81158 | Dis:7    | HP: 8/228 [Hell Sentinel/damnation (28)]
 81673 | Pan      | Entered Pandemonium
 82120 | Pan      | Noticed Weqoathuc the pandemonium lord
 82136 | Pan      | Killed Weqoathuc the pandemonium lord
 82379 | Pan      | Noticed Xoapninwe the pandemonium lord
 82388 | Pan      | HP: 11/229 [burnt (1)]
 82388 | Pan      | Killed from afar by a hellion

Skill      XL: |  1  2  3  4  5  6  7  8  9 10 11 12 13 14 15 16 17 18 19 20 21 22 23 24 25 26 27 |
---------------+----------------------------------------------------------------------------------+-----
Invocations    | 1 2 3 4 5 6 7 8 9 10 11 12 13 14 15 16 17 18 22 | 22.4
Short Blades   | 1 2 3 4 5 6 7 8 9 10 11 12 13 14 15 16 17 18 25 | 25.0
Long Blades    | 1 2 3 4 5 6 7 8 9 10 11 12 13 14 15 16 20 | 20.9
Maces & Flails | 1 2 3 4 5 6 7 8 9 10 11 12 13 14 15 16 17 18 24 | 24.7
Polearms       | 1 2 3 4 5 6 7 8 9 10 11 12 13 14 15 16 20 | 20.9
Staves         | 1 2 3 4 5 6 7 8 9 10 11 12 13 14 15 16 20 | 20.9
Slings         | 1 2 3 4 5 6 7 8 9 10 11 12 13 14 15 16 20 | 20.9
Bows           | 1 2 3 4 5 6 7 8 9 10 11 12 13 14 15 16 20 | 20.9
Crossbows      | 1 2 3 4 5 6 7 8 9 10 11 12 13 14 15 16 20 | 20.9
Throwing       | 1 2 3 4 5 6 7 8 9 10 11 12 13 14 15 16 20 | 20.9
Dodging        | 1 2 3 4 5 6 7 8 9 10 11 13 14 15 16 17 18 19 20 21 25 | 25.8
Stealth        | 1 2 3 4 5 6 7 8 9 10 11 12 13 14 15 16 20 | 20.9
Unarmed Combat | 1 2 3 4 5 6 7 8 9 10 11 12 13 14 15 16 20 | 20.9
Spellcasting   | 1 2 3 4 5 6 7 8 9 10 11 12 13 14 15 16 20 | 20.9
Evocations     | 1 2 3 4 5 6 7 8 9 10 11 12 13 14 15 16 20 | 20.9
Conjurations   | 1 2 3 4 5 6 7 8 9 10 11 12 13 14 18 | 18.1
Hexes          | 1 2 3 4 5 6 7 8 9 10 11 12 13 14 18 | 18.1
Charms         | 1 2 3 4 5 6 7 8 9 10 11 12 13 14 18 | 18.1
Summonings     | 1 2 3 4 5 6 7 8 9 10 11 12 13 14 18 | 18.1
Necromancy     | 1 2 3 4 5 6 7 8 9 10 11 12 13 14 18 | 18.1
Translocations | 1 2 3 4 5 6 7 8 9 10 11 12 13 14 18 | 18.1
Transmutations | 1 2 3 4 5 6 7 8 9 10 11 12 13 14 18 | 18.1
Fire Magic     | 1 2 3 4 5 6 7 8 9 10 11 12 13 14 18 | 18.1
Ice Magic      | 1 2 3 4 5 6 7 8 9 10 11 12 13 14 18 | 18.1
Air Magic      | 1 2 3 4 5 6 7 8 9 10 11 12 13 14 18 | 18.1
Earth Magic    | 1 2 3 4 5 6 7 8 9 10 11 12 13 14 18 | 18.1
Poison Magic   | 1 2 3 4 5 6 7 8 9 10 11 12 13 14 18 | 18.1
Axes           | 5 6 7 8 9 10 11 12 13 14 15 16 17 21 | 21.2
Fighting       | 7 8 9 10 11 12 13 14 15 16 17 21 | 21.5
Armour         | 7 8 9 10 11 12 13 14 15 16 17 21 | 21.5
Shields        | 7 8 10 11 12 13 14 15 16 17 18 19 20 21 22 25 | 25.7

Action                   |  1- 3 |  4- 6 |  7- 9 | 10-12 | 13-15 | 16-18 | 19-21 | 22-24 | 25-27 || total
-------------------------+-------+-------+-------+-------+-------+-------+-------+-------+-------++-------
Melee: War axe           |    90 |    94 |   435 |   324 |       |       |       |       |       ||   943
       Bite              |     6 |     9 |    59 |   110 |   167 |   281 |   295 |   268 |   899 ||  2094
       Bardiche          |       |       |       |   397 |  1030 |   707 |       |       |       ||  2134
       Broad axe         |       |       |       |       |     9 |       |   699 |  1283 |  4303 ||  6294
       Demon trident     |       |       |       |       |       |   999 |   776 |       |       ||  1775
       Demon blade       |       |       |       |       |       |       |    74 |       |       ||    74
 Fire: Hand crossbow     |       |       |    71 |     2 |       |       |       |       |       ||    73
Throw: Tomahawk          |       |       |       |    32 |       |       |       |       |       ||    32
       Javelin           |       |       |       |    21 |    31 |       |    28 |     8 |    26 ||   114
 Cast: Searing Ray       |       |       |       |       |       |    16 |       |       |       ||    16
       Poisonous Vapours |       |       |       |       |       |    15 |       |       |       ||    15
       Summon Ice Beast  |       |       |       |       |       |    17 |     1 |    68 |     6 ||    92
       Spectral Weapon   |       |       |       |       |       |       |    34 |    18 |    12 ||    64
       Summon Forest     |       |       |       |       |       |       |       |    20 |    18 ||    38
       Regeneration      |       |       |       |       |       |       |       |    17 |    43 ||    60
       Song of Slaying   |       |       |       |       |       |       |       |    12 |    38 ||    50
       Orb of Destructio |       |       |       |       |       |       |       |       |   225 ||   225
       Necromutation     |       |       |       |       |       |       |       |       |    58 ||    58
       Spellforged Servi |       |       |       |       |       |       |       |       |    51 ||    51
       Death Channel     |       |       |       |       |       |       |       |       |    35 ||    35
       Borgnjor's Vile C |       |       |       |       |       |       |       |       |    30 ||    30
       Summon Hydra      |       |       |       |       |       |       |       |       |     6 ||     6
       Simulacrum        |       |       |       |       |       |       |       |       |     2 ||     2
Invok: Heroism           |       |       |     2 |    21 |    22 |    14 |    12 |     5 |     7 ||    83
       Finesse           |       |       |       |     1 |     7 |     3 |     9 |     1 |     4 ||    25
       Slouch            |       |       |       |       |       |       |       |       |     2 ||     2
 Abil: Evoke Berserk Rag |       |       |       |       |     2 |       |       |       |       ||     2
       Evoke Flight      |       |       |       |       |       |     1 |       |       |       ||     1
       Evoke Blink       |       |       |       |       |       |     1 |     1 |     7 |     3 ||    12
       End Transformatio |       |       |       |       |       |       |       |       |     1 ||     1
Evoke: Wand              |       |       |     3 |     4 |    20 |     2 |     1 |     5 |    12 ||    47
       Phial of floods   |       |       |       |       |     5 |     2 |     2 |     2 |     5 ||    16
       Box of beasts     |       |       |       |       |     1 |     1 |       |       |       ||     2
       Lightning rod     |       |       |       |       |       |     8 |       |       |     4 ||    12
       Lamp of fire      |       |       |       |       |       |       |       |     3 |     5 ||     8
       Horn of Geryon    |       |       |       |       |       |       |       |       |     5 ||     5
       Fan of gales      |       |       |       |       |       |       |       |       |     2 ||     2
       Phantom mirror    |       |       |       |       |       |       |       |       |     1 ||     1
  Use: Scroll            |     2 |     2 |     9 |    13 |    15 |    28 |     9 |    21 |    29 ||   128
       Potion            |       |       |     1 |    12 |     4 |    12 |     3 |     3 |    19 ||    54
 Stab: Paralysed         |       |       |       |       |     4 |     1 |       |       |       ||     5
       Distracted        |       |       |       |       |     1 |     2 |    10 |    12 |    67 ||    92
       Sleeping          |       |       |       |       |       |     6 |     2 |     1 |    24 ||    33
       Confused          |       |       |       |       |       |     2 |       |       |       ||     2
       Petrifying        |       |       |       |       |       |       |       |       |     3 ||     3
       Petrified         |       |       |       |       |       |       |       |       |     3 ||     3
  Eat: Chunk             |       |     3 |     6 |    15 |    18 |    17 |    14 |    15 |    11 ||    99
       Ration            |       |     1 |     2 |     4 |     6 |     9 |     5 |     7 |    24 ||    58
Armor: Scale mail        |    45 |       |       |       |       |       |       |       |       ||    45
       Chain mail        |     5 |    50 |   176 |   136 |       |       |       |       |       ||   367
       Crystal plate arm |       |       |       |   486 |  1371 |   911 |   290 |   386 |   937 ||  4381
       Skin              |       |       |       |    19 |       |    14 |       |       |       ||    33
       Swamp dragon scal |       |       |       |       |       |   121 |       |       |       ||   121
       Plate armour      |       |       |       |       |       |       |    86 |    44 |       ||   130
       Storm dragon scal |       |       |       |       |       |       |       |       |   192 ||   192
Dodge: Dodged            |    38 |    26 |   142 |   400 |   996 |   904 |   367 |   414 |  2302 ||  5589
Block: Shield            |    55 |    38 |   259 |   389 |     7 |       |       |       |       ||   748
       Large shield      |       |       |       |       |       |   878 |  1218 |  1290 |  5104 ||  8490
       Rpst.: Demon blade |       |       |       |       |       |       |     6 |       |       ||     6
